 Dungeon Crawl Stone Soup version 0.31-a0-277-g31ea1f65cc (console) character file.

Game seed: 3415345335646665100

4 petzl the Sneak (level 1, -3/18 HPs)
             Began as a Formicid Delver on July 15, 2023.
             Slain by a lemure (6 damage)
             ... led by Pikel
             ... on level 6 of the Dungeon.
             The game lasted 00:04:53 (644 turns).

petzl the Sneak (Formicid Delver)                    Turns: 644, Time: 00:04:54

Health: -3/18      AC:  4    Str: 22    XL:     1   Next: 77%
Magic:  1/1        EV: 12    Int:  9    God:
Gold:   51         SH:  0    Dex: 15    Spells: 0/0 levels left

rFire   . . .        j - +2 long sword (flame)
rCold   . . .        (no shield)
rNeg    . . .        b - +0 leather armour
rPois   .            (helmet unavailable)
rElec   .            i - +0 cloak
rCorr   .            (no gloves)
SInv    +            (no boots)
Will    .....        (no amulet)
Stlth   +++          g - +6 ring of strength
HPRegen 0.23/turn    (no ring)
MPRegen 0.07/turn

%: no passive effects
@: no status effects
A: permanent stasis, dig shafts and tunnels, antennae 3, four strong arms
a: Dig, Shaft Self


You were on level 6 of the Dungeon.
You visited 1 branch of the dungeon, and saw 4 of its levels.

You collected 51 gold pieces.

Inventory:

Hand Weapons
 a - a +0 mace
 j - a +2 long sword of flaming (weapon)
Armour
 b - a +0 leather armour (worn)
 i - a +0 cloak (worn)
Jewellery
 g - a +6 ring of strength (left hand)
Wands
 f - a wand of digging (2)
Scrolls
 c - a scroll of fog
 d - a scroll of revelation
 e - a scroll of fear
 h - a scroll of teleportation {unknown}
Potions
 k - a potion of berserk rage {unknown}


   Skills:
 + Level 3.3 Fighting
 + Level 2.1 Maces & Flails
 + Level 1.9 Dodging
 + Level 6.1 Stealth


You couldn't memorise any spells.
You didn't know any spells.
Your spell library was empty.

Dungeon Overview and Level Annotations

Branches:
Dungeon (7/15)
 Temple: D:4-7

Altars:
Elyvilon
Qazlal
The Shining One

Annotations:
D:4 exclusion: sky beast
D:5 3 runed translucent doors, exclusion: downstairs, osoart's ghost, novice MiSh
D:6 exclusions: iguana, 2 sensed monsters (detected), sleepcap and wight
D:7 exclusions: centaur and iguana, Pikel


Innate Abilities, Weirdness & Mutations

You cannot be hasted, slowed, berserked, paralysed or teleported.
You can dig through walls and to a lower floor.
You have a pair of large antennae on your head. (SInv)
Your four strong arms can wield two-handed weapons with a shield.


Message History

The orc shouts!
You closely miss the orc. The orc hits you but does no damage.
You hit the orc. You burn the orc.
You kill the orc!
Unknown command.
Things that are here:
a +0 dagger {!f =f}; an orc corpse Unknown command.
Unknown command.
Unknown command.
You now have 51 gold pieces (gained 21).
A jelly comes into view.
Found a murky sapphire potion.
Found a stone staircase leading down.
A jelly is nearby!
k - a murky sapphire potion
There are no items here.
There is a stone staircase leading down here.
You climb downwards.
Level annotation: exclusions: centaur and iguana
There is a stone staircase leading up here.
The lemure shouts!
Pikel shouts!
The lemure shouts!
The lemure hits you.
Pikel zaps a wand.
The roots erupt in riotous growth!
The lemure is unaffected.
The grasping roots grab you!
Pikel is unaffected.
The grasping roots constrict you.
The lemure hits you but does no damage. x2
You hear a shout! x3
The roots lose their grip on you.
You climb upwards.
Level annotation: exclusions: iguana, 2 sensed monsters (detected), sleepcap and wight The jelly quivers.
There is a stone staircase leading down here.
You closely miss the lemure. The lemure barely misses you. The lemure hits you.
You closely miss the lemure. The lemure hits you.
You barely miss the lemure. The lemure hits you.
You hit the lemure. You burn the lemure.
The lemure is moderately wounded.
The lemure hits you!
* * * LOW HITPOINT WARNING * * *
The lemure hits you.
You die...

#.# ###.# # ...# # #.
#..# .# #.. #..####.###
.##..##.........# .
..............#.# .
.......>........# .
......#.#..####. .
.....J........#
....###.#5###.#
......#.#.@...#
....#.#.#######. .
................ .
...##...######## .
.........# .........#
..###.....#
..............######
.....................
##.......#####...###.##
.........# #...#
#.#.#....#####)..###
#.#.#..............#.#
.........#####........
......##.# #...#.#..
#.#.#.##.#####...#.#..#
#......................
....#.##.######.##.#.#.
#...#.##.# ##.# ...


You could see a lemure.

Vanquished Creatures
  An orc (D:6)
  A giant cockroach (D:4)
  A kobold (D:4)
3 creatures vanquished.

Notes
Turn   | Place    | Note
-------+----------+-------------------------------------------
     0 | D:5      | petzl the Formicid Delver began the quest for the Orb.
     0 | D:5      | Reached XP level 1. HP: 18/18 MP: 1/1
     1 | D:6      | Noticed a sleepcap
     8 | D:5      | Noticed a scorpion
     9 | D:5      | Noticed a black bear
    15 | D:5      | Noticed a hound
    34 | D:5      | Noticed an ice beast
    40 | D:5      | Found a runed translucent gate.
    40 | D:5      | Found a runed translucent gate.
    40 | D:5      | Noticed osoart's ghost (novice MiSh)
    43 | D:5      | Noticed a killer bee
    45 | D:5      | Noticed a scorpion
    53 | D:5      | Found a runed translucent gate.
    64 | D:5      | Noticed a scorpion
    70 | D:5      | You fall into a shaft and drop 1 floor!
    76 | D:6      | Noticed an iguana
    93 | D:6      | Noticed a two-headed ogre
   126 | D:5      | Found a white marble altar of Elyvilon.
   137 | D:4      | Noticed a sky beast
   171 | D:5      | Found a glowing golden altar of the Shining One.
   174 | D:5      | Noticed a sleepcap
   208 | D:4      | Found a stormy altar of Qazlal.
   290 | D:4      | Noticed a +0 short sword
   290 | D:4      | Noticed a +0 short sword
   290 | D:4      | Noticed a scorpion
   291 | D:4      | Noticed a +0 dagger
   291 | D:4      | Noticed a +0 dagger
   291 | D:4      | Noticed a +0 falchion
   291 | D:4      | Noticed a +0 spear
   292 | D:4      | Noticed a +0 spear
   292 | D:4      | Noticed a +0 falchion
   298 | D:4      | You fall into a shaft and drop 3 floors!
   386 | D:7      | Noticed a centaur
   386 | D:7      | Noticed an iguana
   527 | D:6      | Noticed a wight
   622 | D:6      | Noticed a jelly
   633 | D:7      | Noticed Pikel
   633 | D:7      | Noticed a lemure
   633 | D:7      | Noticed a lemure
   633 | D:7      | Noticed a lemure
   644 | D:6      | Slain by a lemure

Illustrated notes

Levels and vault maps discovered:
D:4:      layout_basic, nicolae_uskayaw_en_pointe,
          mainiacjoe_overflow_small_starburst, nicolae_overflow_hidden_temple,
          uniq_sigmund
D:5:      layout_basic, lemuel_round_altar, tso_metal_star,
          mainiacjoe_overflow_six_doors_small, gammafunk_ghost_split
D:6:      layout_basic, lemuel_crystal_altar, lemuel_doored_altar,
          dreamdust_princess_corridor, amcnicky_mini_rare_corridor_liquid,
          uniq_menkaure
D:7:      layout_loops_corners, mainiacjoe_overflow_surrounded_room,
          xom_shifter_show, grunt_dithmenos_smoke_and_mirrors,
          general_overflow_altar, minmay_temple_entry_offerings, nrook_uturn,
          uniq_pikel, uniq_joseph

Action                     || total
---------------------------++-------
  Melee: Mace              ||     6
         Long sword        ||     6
Ability: Shaft Self        ||     2
  Evoke: Wand              ||     1
    Use: Potion            ||     1
 Armour: Leather armour    ||     6
  Dodge: Dodged            ||     7

Table legend: (Time is in decaauts)
 A = Elapsed time spent in this place.
 B = Non-inter-level travel time spent in this place.
 C = Inter-level travel time spent in this place.
 D = Time resting spent in this place.
 E = Time spent auto-exploring this place.
 F = Levels seen in this place.
 G = Mean time per level.
                   A        B        C        D        E       F      G
               +--------+--------+--------+--------+--------+-----+--------+
         Total |    646 |    646 |      0 |     99 |    118 |   4 |  161.5 |
       Dungeon |    646 |    646 |      0 |     99 |    118 |   4 |  161.5 |
               +--------+--------+--------+--------+--------+-----+--------+

Top non-repeatable levels by time:
     D:6: 199 daAuts
     D:7: 174 daAuts
     D:5: 158 daAuts
     D:4: 114 daAuts
